 Dungeon Crawl Stone Soup version 0.28-a0-1429-gf3d713df7a (webtiles) character file.

Game seed: 7907376282818784931

25974 HallandMoats the Demonic Catastrophe (level 12, -1/97 HPs)
             Began as a Demonspawn Fighter on Jan 9, 2022.
             Was an Elder of Qazlal.
             Slain by an iron giant (shapeshifter) (32 damage)
             ... on level 10 of the Dungeon.
             The game lasted 00:28:39 (18187 turns).

HallandMoats the Demonic Catastrophe (DsFi)        Turns: 18187, Time: 00:28:40

Health: -1/97      AC: 20    Str: 22    XL:     12   Next: 94%
Magic:  24/24      EV: 14    Int: 10    God:    Qazlal [****..]
Gold:   714        SH: 14    Dex: 14    Spells: 11/11 levels left

rFire   + . .      SeeInvis +   b - +3 trident (venom)
rCold   . . .      Faith    .   c - +1 buckler
rNeg    + . .      Spirit   .   l - +4 ring mail {rPois}
rPois   +          Reflect  .   (helmet unavailable)
rElec   .          Harm     .   s - +0 cloak
rCorr   .          Rampage  ∞   h - +0 pair of gloves
Will    +....                   Q - +3 pair of seven-league boots {Rampage+∞}
Stlth   +.........              x - amulet of the acrobat
HPRegen 0.26/turn               p - ring of Wimoicea {rF+ Will+ Str+2 Stlth+}
MPRegen 0.19/turn               D - ring of positive energy

@: mighty, studying 2 skills, repel missiles
A: antennae 3, icy blue scales 2, demonic guardian 2, ignite blood 1
a: Renounce Religion, Upheaval, Elemental Force


You were on level 10 of the Dungeon.
You worshipped Qazlal.
Qazlal was greatly pleased with you.
You visited 2 branches of the dungeon, and saw 11 of its levels.
You also visited: Bailey.

You collected 714 gold pieces.

Inventory:

Hand Weapons
 a - a +0 broad axe
 b - a +3 trident of venom (weapon)
 u - the +4 battleaxe "Demonspawn's Curse" {distort, *Corrode rC+ Str-4 Dex+3 SInv}
   (You took it off a tengu warrior on level 8 of the Dungeon)

   It warps and distorts space around it, and may blink, banish, or inflict
   extra damage upon those it strikes.
   Unwielding it can cause banishment or high damage.
   Str:       It affects your strength (-4).
   Dex:       It affects your dexterity (+3).
   rC:        It protects you from cold.
   SInv:      It lets you see invisible.
   *Corrode:  It may corrode you when you take damage.
 E - the +1 falchion "Fexziniwn" {vorpal, rElec Int+3}
   (You found it on level 6 of the Dungeon)

   It inflicts extra damage upon your enemies.
   Int:       It affects your intelligence (+3).
   rElec:     It insulates you from electricity.
 N - the +12 glaive of Prune {vorpal}
   (You took it off a centaur warrior on level 10 of the Dungeon)

   It inflicts extra damage upon your enemies.
   It halves damage taken while paralysed, petrified or unconscious.
Missiles
 F - a throwing net (quivered)
Armour
 c - a +1 buckler (worn)
 h - a +0 pair of gloves (worn)
 l - a +4 ring mail of poison resistance (worn)
 s - a +0 cloak (worn)
 A - +0 fire dragon scales
 Q - the +3 pair of seven-league boots (worn) {Rampage+∞}
   (You found it on level 10 of the Dungeon)

   Its wearer moves as far as possible in that direction when moving towards
   enemies.
Jewellery
 p - the ring of Wimoicea (left hand) {rF+ Will+ Str+2 Stlth+}
   (You acquired it on level 8 of the Dungeon)

   [ring of willpower]

   Str:       It affects your strength (+2).
   rF:        It protects you from fire.
   Will:      It increases your willpower.
   Stlth:     It makes you more stealthy.
 q - a ring of fire
 t - a ring of protection from cold
 x - an amulet of the acrobat (around neck)
 D - a ring of positive energy (right hand)
 J - a ring of willpower
 M - a +6 ring of intelligence
 O - a ring of willpower
 P - the ring "Neamon" {rN+ EV+4}
   (You found it on level 10 of the Dungeon)

   [ring of evasion]

   EV:        It affects your evasion (+4).
   rN:        It protects you from negative energy.
Wands
 B - a wand of flame (15)
 K - a wand of paralysis (6)
Scrolls
 f - a scroll of amnesia
 g - a scroll of noise
 i - 4 scrolls of enchant armour
 o - 3 scrolls of identify
 v - a scroll of fog
 w - a scroll of magic mapping
 z - 5 scrolls of enchant weapon
 G - a scroll of summoning
Potions
 d - a potion of might
 e - a potion of curing
 j - a potion of degeneration {unknown}
 k - 2 potions of mutation {unknown}
 m - 2 potions of brilliance {unknown}
 n - 3 potions of flight {unknown}
 r - a potion of magic {unknown}
 H - a potion of cancellation {unknown}
 I - a potion of lignification {unknown}
 L - 2 potions of haste {unknown}


   Skills:
 * Level 10.0 Fighting
 + Level 7.2 Axes
 + Level 7.6 Armour
 + Level 7.0 Dodging
 * Level 12.2 Shields
 * Level 16.8 Invocations


You had 11 spell levels left.
You didn't know any spells.
Your spell library contained the following spells:

 Spells                   Type           Power      Damage    Failure   Level
 Beastly Appendage        Tmut           0%         N/A       56%         1
 Magic Dart               Conj           0%         1d3       56%         1
 Call Imp                 Summ           0%         N/A       71%         2
 Wereblood                Tmut           0%         N/A       71%         2
 Mephitic Cloud           Conj/Pois/Air  0%         N/A       90%         3
 Spider Form              Tmut/Pois      0%         N/A       90%         3
 Airstrike                Air            0%         N/A       100%        4
 Animate Armour           Summ/Erth      0%         N/A       100%        4
 Animate Dead             Necr           0%         N/A       100%        4
 Summon Ice Beast         Ice/Summ       0%         N/A       100%        4
 Blade Hands              Tmut           0%         N/A       100%        5
 Iron Shot                Conj/Erth      0%         9d1       100%        6


Dungeon Overview and Level Annotations

Branches:
Dungeon (10/15)            Temple (1/1) D:4            Lair (0/6) D:10
    Orc (0/2) D:10         Bailey (visited)

Altars:
Ashenzari
Cheibriados
Dithmenos
Elyvilon
Fedhas
Gozag
Hepliaklqana
Kikubaaqudgha
Makhleb
Nemelex Xobeh
Okawaru
Qazlal
Ru
Sif Muna
Trog
Uskayaw
Vehumet
Wu Jian
Xom
Yredelemnul
Zin
The Shining One
Beogh

Shops:
D:3 *   D:4 (

Annotations:
D:10 2 runed translucent doors


Innate Abilities, Weirdness & Mutations

You have a pair of large antennae on your head. (SInv)
You are mostly covered in icy blue scales. (AC +3)
A demonic guardian rushes to your aid.
Your demonic aura sometimes causes spilled blood to erupt in flames.


Message History

You block the caustic shrike's attack.
As you read the scroll labelled BUMPYR MUAV, it crumbles to dust.
You assume a fearsome visage.
The caustic shrike looks frightened!
It was a scroll of fear.
The wolf completely misses you.
You are no longer corroded.
The wolf closely misses you. You block the wolf's attack.
The wolf completely misses you. The wolf closely misses you.
The wolf misses you. You block the wolf's attack.
You miss the wolf. You block the wolf's attack. x2
You puncture the wolf!
The wolf is poisoned.
The wolf is heavily wounded.
You block the wolf's attack. The wolf closely misses you.
You puncture the wolf!
You kill the wolf!
Qazlal accepts your kill.
The wolf's shape twists and changes as it dies.
Your Fighting skill increases to level 10!
You see here a shapeshifter corpse.
You start resting.
Magic restored.
You start resting.
An iron giant comes into view.
An iron giant is nearby!
You feel very mighty all of a sudden.
Reach: b) +3 trident (venom)
Press: ? - help, Dir - move target, f/p - iron giant
Aim: an iron giant (about 9% to evade your +3 trident of venom)
You reach to attack!
You hit the iron giant but do no damage.
The iron giant hits you!
Reach: b) +3 trident (venom)
Press: ? - help, Dir - move target, f/p - iron giant
Aim: an iron giant (about 9% to evade your +3 trident of venom)
You puncture the iron giant!
The iron giant is lightly wounded.
The iron giant hits you!!
You die...

..#...........'......+..#
..#>..........'≈.....+..#
..#..##.##.#..#8....8#..#
..#...........##8[)8##.)###
..#............######.....#####
###...≈≈...###)# #'###))...#
.....≈≈#..##...######.#.##)####
.....≈.#..#.#.##.##}##†#.#)#
.......#..#.##.#@##..###.#.#
.#.#...#..#.#)##C####..#.#.#
.#.#...#..#.###..##.##.#†#.#
..........##....####....##.#
...........######..######..#
.##.##.#..................##
..............(........####
################.##.#.##
.................##.#.#


You could see an iron giant.

Vanquished Creatures
  A boulder beetle (D:8)
  An ogre mage (D:10)
  2 hydras
  6 centaur warriors
  A two-headed ogre (D:9)
  4 tengu warriors
  3 orc knights
  2 ugly things (D:10)
  A manticore (D:10)
  3 cyclopes
  An elephant (D:10)
  2 gargoyles
  2 kobold demonologists (Bailey)
  An unseen horror (D:9)
  Psyche (D:8)
  3 trolls
  3 hornets
  Grinder (D:4)
  A wraith (D:9)
  2 shadows
  9 yaks
  3 wyverns
  A basilisk (D:10)
  2 water moccasins
  2 ice beasts
  18 orc warriors
  4 black bears
  3 sky beasts (D:8)
  A necrophage (D:7)
  3 ogres
  A phantom (D:5)
  A wolf (shapeshifter) (D:10)
  5 centaurs
  3 kobold brigands
  2 bullfrogs
  A gnoll sergeant (D:7)
  2 water moccasin zombies
  3 wights (D:8)
  4 electric eels (Bailey)
  6 howler monkeys
  3 centaur zombies
  3 bullfrog zombies
  3 bullfrog skeletons
  3 hounds
  3 centaur skeletons
  2 gnoll shamans
  2 jellies
  12 orc priests
  Crazy Yiuf (D:3)
  Natasha (thrice) (D:3)
  3 iguanas
  14 orc wizards
  A killer bee zombie (D:8)
  A centaur simulacrum (D:9)
  3 hound skeletons (D:4)
  11 gnolls
  A howler monkey skeleton (D:7)
  12 adders
  A white imp (D:6)
  3 ufetubi
  3 worms (D:3)
  An adder skeleton (D:4)
  6 dart slugs
  80 orcs
  6 endoplasms
  3 giant cockroaches
  13 hobgoblins
  5 jackals
  4 quokkas
  8 ball pythons
  4 bats
  A frilled lizard (D:2)
  20 goblins
  20 kobolds
  3 rats
377 creatures vanquished.

Vanquished Creatures (collateral kills)
  A deep troll (D:9)
  A manticore (D:10)
  A black bear (D:8)
  2 orc warriors
  A bullfrog (D:9)
  An orc wizard (D:8)
  A howler monkey zombie (D:8)
  3 orcs
  A hobgoblin (D:3)
  3 kobolds (D:8)
15 creatures vanquished.

Vanquished Creatures (others)
  An orc wizard (D:10)
  9 fungi (D:6)
10 creatures vanquished.

Grand Total: 402 creatures vanquished

Notes
Turn   | Place    | Note
-------+----------+-------------------------------------------
     0 | D:1      | HallandMoats the Demonspawn Fighter began the quest for the
                  | Orb.
     0 | D:1      | Reached XP level 1. HP: 18/18 MP: 1/1
    63 | D:1      | Reached skill level 1 in Invocations
    63 | D:1      | Gained mutation: You are partially covered in icy blue
                  | scales. (AC +2) [demonic ancestry]
    63 | D:1      | Reached XP level 2. HP: 18/24 MP: 2/2
   999 | D:1      | Reached XP level 3. HP: 26/29 MP: 4/4
  1103 | D:1      | Found a faded altar of an unknown god.
  1247 | D:1      | Prayed at the altar of an unknown god.
  1247 | D:1      | Became a worshipper of Qazlal Stormbringer
  1247 | D:1      | Reached * piety under Qazlal
  1410 | D:2      | Reached skill level 2 in Invocations
  1445 | D:2      | Gained mutation: Your demonic aura sometimes causes spilled
                  | blood to erupt in flames. [demonic ancestry]
  1445 | D:2      | Reached XP level 4. HP: 21/35 MP: 5/5
  1610 | D:2      | Reached skill level 1 in Dodging
  1665 | D:2      | Reached ** piety under Qazlal
  1685 | D:2      | Noticed an ogre
  1695 | D:2      | Killed an ogre
  1696 | D:2      | Gained mutation: A weak demonic guardian rushes to your
                  | aid. [demonic ancestry]
  1696 | D:2      | Reached XP level 5. HP: 41/41 MP: 5/7
  1815 | D:2      | Reached skill level 3 in Invocations
  2190 | D:3      | Noticed Natasha
  2200 | D:3      | Killed Natasha
  2325 | D:3      | Found a runed translucent door.
  2326 | D:3      | Noticed Crazy Yiuf
  2522 | D:3      | Noticed Natasha
  2532 | D:3      | Killed Natasha
  2533 | D:3      | Reached XP level 6. HP: 13/47 MP: 8/8
  2539 | D:3      | Found Sioracenn's Assorted Antiques.
  3283 | D:3      | Noticed Natasha
  3287 | D:3      | Killed Natasha
  3343 | D:3      | Found a basalt altar of Yredelemnul.
  3382 | D:3      | Killed Crazy Yiuf
  3383 | D:3      | Reached skill level 4 in Invocations
  3530 | D:4      | Reached *** piety under Qazlal
  3682 | D:4      | Gained mutation: You have a pair of small antennae on your
                  | head. [demonic ancestry]
  3682 | D:4      | Reached XP level 7. HP: 47/53 MP: 10/10
  3719 | D:4      | Found a bloodstained altar of Trog.
  3737 | D:4      | Found Naut's Weapon Emporium.
  3890 | D:4      | Found a radiant altar of Vehumet.
  4064 | D:4      | Reached skill level 5 in Invocations
  4159 | D:4      | Noticed Grinder
  4160 | D:4      | Paralysed by Grinder for 2 turns
  4167 | D:4      | Killed Grinder
  4168 | D:4      | Reached skill level 5 in Shields
  4303 | D:4      | Gained mutation: You have a pair of antennae on your head.
                  | [demonic ancestry]
  4303 | D:4      | Reached XP level 8. HP: 31/60 MP: 12/12
  4320 | D:4      | Found a staircase to the Ecumenical Temple.
  4329 | Temple   | Entered the Ecumenical Temple
  4865 | D:5      | Entered Level 5 of the Dungeon
  5158 | D:5      | Reached skill level 6 in Invocations
  5189 | D:5      | Noticed a +0 hand axe
  5191 | D:5      | Noticed a +0 hand axe
  5192 | D:5      | Found a hide-covered altar of Uskayaw.
  5237 | D:5      | Found a hazy altar of Hepliaklqana.
  5614 | D:5      | Reached **** piety under Qazlal
  5693 | D:5      | Found an ornate altar of the Wu Jian Council.
  6049 | D:6      | Identified the +1 falchion "Fexziniwn" {vorpal, rElec
                  | Int+3}
  6125 | D:6      | Found a shimmering blue altar of Sif Muna.
  6502 | D:6      | Reached skill level 7 in Invocations
  6760 | D:6      | Reached skill level 5 in Fighting
  6827 | D:6      | Gained mutation: You are mostly covered in icy blue scales.
                  | (AC +3) [demonic ancestry]
  6827 | D:6      | Reached XP level 9. HP: 66/68 MP: 14/14
  7383 | D:7      | Reached skill level 8 in Invocations
  7407 | D:7      | Reached skill level 5 in Armour
  8115 | D:7      | Reached skill level 9 in Invocations
  8117 | D:7      | Found an opulent altar of Gozag.
  8624 | D:8      | Noticed Psyche
  8629 | D:8      | Found a flagged portal.
  8635 | Bailey   | Entered a bailey
  8845 | Bailey   | Noticed an orc knight
  8879 | Bailey   | Killed an orc knight
  8880 | Bailey   | Reached XP level 10. HP: 64/76 MP: 15/17
  9050 | Bailey   | Noticed an orc knight
  9068 | Bailey   | Killed an orc knight
  9069 | Bailey   | Reached skill level 5 in Axes
  9858 | Bailey   | Acquired a manual of Invocations
  9930 | Bailey   | Reached skill level 10 in Invocations
 10212 | Bailey   | Found an iron altar of Okawaru.
 10247 | Bailey   | Reached skill level 5 in Dodging
 10265 | Bailey   | Noticed a smoke demon
 10638 | D:8      | Killed Psyche
 10639 | D:8      | Reached skill level 11 in Invocations
 10650 | D:8      | Reached ***** piety under Qazlal
 10831 | D:8      | Acquired the ring of Wimoicea {rF+ Will+ Str+2 Stlth+}
 10872 | D:8      | Found a burning altar of Makhleb.
 10878 | D:8      | Found a sacrificial altar of Ru.
 11077 | D:8      | Noticed a centaur warrior
 11091 | D:8      | Killed a centaur warrior
 11107 | D:8      | Noticed a boulder beetle
 11127 | D:8      | Killed a boulder beetle
 11128 | D:8      | Reached skill level 12 in Invocations
 11128 | D:8      | Gained mutation: You have a pair of large antennae on your
                  | head. (SInv) [demonic ancestry]
 11128 | D:8      | Reached XP level 11. HP: 47/84 MP: 18/20
 11503 | D:8      | Noticed an eight-headed hydra
 11890 | D:8      | Identified the +4 battleaxe "Demonspawn's Curse" {distort,
                  | *Corrode rC+ Str-4 Dex+3 SInv}
 11890 | D:8      | Noticed a tengu warrior
 11918 | D:8      | Killed a tengu warrior
 12149 | D:8      | Identified the +4 longbow of the Maze {venom, *Slow rN+++
                  | Str+4 Dex-5}
 12149 | D:8      | Noticed a centaur warrior
 12157 | D:8      | Killed a centaur warrior
 12543 | D:8      | Killed an eight-headed hydra
 12544 | D:8      | Reached skill level 13 in Invocations
 13374 | D:9      | Reached skill level 10 in Shields
 13757 | D:9      | Found a snail-covered altar of Cheibriados.
 13865 | D:9      | Noticed a deep troll
 13888 | D:9      | Killed a deep troll
 13889 | D:9      | Reached skill level 14 in Invocations
 14311 | D:9      | Noticed a tengu warrior
 14315 | D:9      | Noticed a centaur warrior
 14321 | D:9      | Killed a tengu warrior
 14322 | D:9      | Killed a centaur warrior
 14451 | D:9      | Identified the +0 leather armour "Senete" {rPois rN+ Will-
                  | Dex+2}
 14465 | D:9      | Noticed a two-headed ogre
 14472 | D:9      | Killed a two-headed ogre
 14473 | D:9      | Gained mutation: A demonic guardian rushes to your aid.
                  | [demonic ancestry]
 14473 | D:9      | Reached XP level 12. HP: 61/94 MP: 22/22
 14483 | D:9      | Noticed a centaur warrior
 14491 | D:9      | Killed a centaur warrior
 14567 | D:9      | Noticed a tengu warrior
 14588 | D:9      | Killed a tengu warrior
 14962 | D:9      | Identified the +0 chain mail "Azozunir" {rElec rN+ Dex-4}
 15295 | D:9      | Noticed a tengu warrior
 15300 | D:9      | Killed a tengu warrior
 15314 | D:9      | Got Advanced Casting
 15354 | D:9      | Reached skill level 15 in Invocations
 15508 | D:10     | Entered Level 10 of the Dungeon
 15693 | D:10     | Found a large runed translucent door.
 15693 | D:10     | Found a large runed translucent door.
 15898 | D:10     | Found a large runed translucent door.
 15898 | D:10     | Found a large runed translucent door.
 16342 | D:10     | Noticed an ogre mage
 16354 | D:10     | Killed an ogre mage
 16427 | D:10     | Noticed a centaur warrior
 16439 | D:10     | Killed a centaur warrior
 16510 | D:10     | Reached skill level 16 in Invocations
 16739 | D:10     | Noticed a centaur warrior
 16751 | D:10     | Killed a centaur warrior
 16986 | D:10     | Found a staircase to the Orcish Mines.
 17195 | D:10     | Found a staircase to the Lair.
 17345 | D:10     | Noticed a six-headed hydra
 17354 | D:10     | Killed a six-headed hydra
 17576 | D:10     | Found the +3 pair of seven-league boots {Rampage+∞}
 17705 | D:10     | Noticed a death yak
 17723 | D:10     | Noticed an azure jelly
 17768 | D:10     | Identified the ring "Neamon" {rN+ EV+4}
 17918 | D:10     | Noticed a golden dragon
 18020 | D:10     | Noticed an iron giant
 18104 | D:10     | Noticed a caustic shrike
 18143 | D:10     | Reached skill level 10 in Fighting
 18184 | D:10     | Noticed an iron giant
 18187 | D:10     | Slain by an iron giant (shapeshifter)

Illustrated notes

Levels and vault maps discovered:
D:1:      amcnicky_arrival_flooded_fountain, layout_loops_ring,
          hellmonk_ecumenical_altar_leap_of_faith, minmay_stone_trees_small,
          nrook_loot_triangle
D:2:      minmay_diamond_boxcup, layout_basic, eino_tiny_chamber
D:3:      minmay_razor_zed, layout_rooms, lemuel_coloured_pillars_altar,
          serial_shops, shop, grunt_ministairs_4, uniq_crazy_yiuf_cottage,
          uniq_natasha
D:4:      layout_loops_cross, amcnicky_altar_gilded, mainiacjoe_overflow_paths,
          temple_hall_moat, serial_shops, nicolae_shop_bloodbath_and_beyond,
          uniq_grinder
D:5:      layout_loops_ring, dancing_weapons_uskayaw,
          nicolae_hepliaklqana_hippocampus, nicolae_wu_jian_immortal_techniques
D:6:      layout_basic, mainiacjoe_overflow_brackets, serial_aquarium,
          aquarium_bridge_long_separate [aquarium_subvault_bridge,
          aquarium_subvault_bridge, aquarium_subvault_balcony,
          aquarium_subvault_bridge, aquarium_subvault_wall,
          aquarium_subvault_wall], aquarium_bridge_square
          [aquarium_subvault_bridge, aquarium_subvault_bridge,
          aquarium_subvault_window, aquarium_subvault_balcony],
          aquarium_window_fake, aquarium_window_2, aquarium_window_fake,
          aquarium_window_corridor_3, aquarium_view_2a, aquarium_view_2a,
          serial_park_tiny_1, roderic_lattice_a, chequers_serial_rivers_small_3
D:7:      layout_basic, grunt_temple_overflow_gold_and_silver, enter_ossuary_5,
          minmay_alternating_orb
D:8:      minmay_the_grid_octo_2x2 [minmay_the_grid_octo_chip,
          minmay_the_grid_octo_toaster, minmay_the_grid_octo_concentric,
          minmay_the_grid_octo_prize_single_spiral], layout_rooms,
          gammafunk_temple_overflow_statue, enter_bailey_2, special_room
          [special_room_orc], hangedman_decor_growths, uniq_psyche
D:9:      minmay_chopped_fan, layout_cave_pools,
          mainiacjoe_overflow_surrounded_room, lemuel_round_altar,
          minmay_misc_feat_diagonals
D:10:     minmay_tri_box, layout_basic, david_lair_generic, david_orc_5,
          nicolae_zen_rock_garden, minmay_hollow_rounded_squares
Temple:   compressed_dpeg_triangle_lava_temple

Skill      XL: |  1  2  3  4  5  6  7  8  9 10 11 12 |
---------------+-------------------------------------+-----
Invocations    | 1 2 3 4 5 7 9 12 14 16 | 16.8
Shields        | 3 4 5 6 7 8 10 12 | 12.2
Axes           | 2 3 4 5 6 7 |  7.2
Armour         | 3 4 5 6 7 |  7.6
Dodging        | 1 2 3 4 5 6 7 |  7.0
Fighting       | 4 5 7 8 10 | 10.0

Action                   |  1- 3 |  4- 6 |  7- 9 | 10-12 || total
-------------------------+-------+-------+-------+-------++-------
Melee: War axe           |   106 |   182 |   106 |       ||   394
       Whip              |       |       |    93 |       ||    93
       Trident           |       |       |   193 |   624 ||   817
       Broad axe         |       |       |       |    26 ||    26
Invok: Elemental Force   |       |       |       |     2 ||     2
       Disaster Area     |       |       |       |     3 ||     3
  Use: Potion            |       |     3 |     2 |     6 ||    11
       Scroll            |       |       |     7 |     9 ||    16
 Stab: Distracted        |       |     1 |       |     1 ||     2
Armor: Scale mail        |    66 |    92 |   120 |     7 ||   285
       Ring mail         |       |       |       |   242 ||   242
Dodge: Dodged            |    57 |    83 |   175 |   315 ||   630
       Repelled          |       |       |     1 |    10 ||    11
Block: Buckler           |    32 |    75 |   225 |   458 ||   790

Table legend: (Time is in decaauts)
 A = Elapsed time spent in this place.
 B = Non-inter-level travel time spent in this place.
 C = Inter-level travel time spent in this place.
 D = Time resting spent in this place.
 E = Time spent auto-exploring this place.
 F = Levels seen in this place.
 G = Mean time per level.
                   A        B        C        D        E       F      G
               +--------+--------+--------+--------+--------+-----+--------+
         Total |  18569 |  18086 |    483 |   3708 |  10767 |  12 | 1547.4 |
       Dungeon |  16146 |  15685 |    461 |   2767 |   9833 |  10 | 1614.6 |
        Temple |    379 |    357 |     22 |      0 |    348 |   1 |  379.0 |
        Bailey |   2043 |   2043 |      0 |    940 |    586 |   1 | 2043.0 |
               +--------+--------+--------+--------+--------+-----+--------+

Top non-repeatable levels by time:
    D:10: 2706 daAuts
     D:9: 2360 daAuts
     D:8: 2323 daAuts
  Bailey: 2043 daAuts
     D:6: 1504 daAuts
     D:3: 1453 daAuts
     D:7: 1412 daAuts
     D:1: 1346 daAuts
     D:4: 1161 daAuts
     D:5: 961 daAuts
     D:2: 916 daAuts
  Temple: 379 daAuts
